 Dungeon Crawl Stone Soup version 0.17-a0-1479-g4041c36 (webtiles) character file.

87906 pulse the Severer (level 16, -3/129 HPs)
             Began as a Formicid Berserker on July 3, 2015.
             Was the Champion of Trog.
             Slain by an eldritch tentacle (24 damage)
             ... called by a lich
             ... on level 1 of the Abyss.
             The game lasted 01:31:20 (28693 turns).

pulse the Severer (Formicid Berserker)             Turns: 28693, Time: 01:31:20

Health: -3/129     AC: 36    Str: 34    XL:     16   Next: 39%
Magic:  0/16       EV:  8    Int:  8    God:    Trog [******]
Gold:   2101       SH: 22    Dex: 12    Spells: 0 memorised, 15 levels left

rFire  . . .     SeeInvis +     k - +5 battleaxe of the Median {elec, +Blink rF- Str+3 Stlth+}
rCold  + . .     Clarity  .     b - +3 plate armour {rF+}
rNeg   . . .     SustAt   .     a - +1 large shield {AC+3}
rPois  .         Gourm    .     (helmet unavailable)
rElec  .         Spirit   +     M - +2 cloak
rCorr  .         Warding  .     F - +0 pair of gloves {rC+}
rMut   .         Stasis   +     f - +0 pair of boots
MR     +....                    j - amulet of guardian spirit
Stlth  ..........               y - +5 ring of protection
                                e - +5 ring of strength

@: non-regenerating, diseased, somewhat resistant to hostile enchantments,
extremely unstealthy
A: permanent stasis, dig shafts and tunnels, four strong arms, antennae 3,
talons 1, yellow scales 2
a: Dig, Shaft Self, Burn Spellbooks, Trog's Hand, Brothers in Arms, Renounce
Religion


You were on level 1 of the Abyss.
You worshipped Trog.
Trog was exalted by your worship.
You were not hungry.

You visited 3 branches of the dungeon, and saw 24 of its levels.
You visited the Abyss 1 time.
You also visited: Ice Cave and Volcano.

You collected 2727 gold pieces.
You spent 626 gold pieces at shops.

Inventory:

Hand weapons
 k - the +5 battleaxe of the Median (weapon) {elec, +Blink rF- Str+3 Stlth+}
   (You found it in an ice cave)

   Occasionally, upon striking a foe, it will discharge some electrical energy
   and cause terrible harm.
   It affects your strength (+3).
   It makes you vulnerable to fire.
   It lets you blink.
   It makes you more stealthy.
Armour
 a - a +1 large shield of protection (worn)
 b - a +3 plate armour of fire resistance (worn)
 f - a +0 pair of boots (worn)
 m - the +3 leather armour of the Three Planets {rC++ rCorr Int-4 Stlth-}
   (You found it on level 8 of the Lair of Beasts)

   It affects your intelligence (-4).
   It greatly protects you from cold.
   It protects you from acid and corrosion.
   It makes you less stealthy.
 F - a +0 pair of gloves of cold resistance (worn)
 M - a +2 cloak (worn)
Jewellery
 e - a +5 ring of strength (left hand)
 i - an uncursed ring of protection from fire
 j - an amulet of guardian spirit (around neck)
 o - an uncursed ring of protection from cold
 y - a +5 ring of protection (right hand)
 J - an uncursed ring of sustain attributes
Magical devices
 t - a wand of slowing (32)
 u - a wand of disintegration (21)
 A - a wand of cold (0)
 R - a wand of invisibility (0)
 S - a wand of lightning (2)
 T - a wand of disintegration (12)
 W - a wand of enslavement (7)
Scrolls
 p - a scroll of torment
 w - 6 scrolls of remove curse
 z - a scroll of recharging
 B - 7 scrolls of identify
 E - 4 scrolls of amnesia
 I - a scroll of silence
 L - a scroll of fog
 Q - 3 scrolls of enchant weapon
 U - a scroll of holy word
 V - 4 scrolls of magic mapping
Potions
 g - 4 potions of flight
 h - 8 potions of brilliance
 l - 4 potions of cancellation
 q - 2 potions of mutation
 r - a potion of invisibility
 v - 17 potions of curing
 D - a potion of heal wounds
 G - 2 potions of agility
 H - a potion of might
 P - a potion of cure mutation
Comestibles
 c - 14 bread rations
 s - 9 meat rations
 C - 9 slices of pizza
 N - 18 fruits
 X - 10 royal jellies


   Skills:
 + Level 12.5 Fighting
 * Level 19.6 Axes
 + Level 11.9 Armour
 - Level 1.7 Dodging
 + Level 12.0 Shields
 + Level 0.9 Evocations


You had 15 spell levels left.
You didn't know any spells.

Dungeon Overview and Level Annotations

Branches:
Dungeon (12/15)            Temple (0/1) D:4            Lair (8/8) D:8
 Shoals (0/4) Lair:3       Spider (0/4) Lair:3        Slime (0/6) Lair:8
    Orc (4/4) D:11            Elf (0/3) Orc:4

Altars:
Ashenzari
Dithmenos
Kikubaaqudgha
Makhleb
Ru
Sif Muna
Trog
Zin
The Shining One
Beogh

Shops:
D:5 [   D:6 !   Orc:4 *(!?


Innate Abilities, Weirdness & Mutations

You are under a permanent stasis effect.
You can dig through walls and to a lower floor.
Your four strong arms can wield two-handed weapons with a shield.
You have a pair of large antennae on your head (SInv).
You have sharp toenails.
You are mostly covered in yellow scales (AC +3).


Message History

You hit the eldritch tentacle but do no damage.
The eldritch tentacle is lightly damaged.
You block the eldritch tentacle's attack.
The eldritch tentacle claws you.
You are engulfed in flames!!
You block the eldritch tentacle's attack.
The eldritch tentacle claws you but does no damage.
You block the eldritch tentacle's attack.
The eldritch tentacle barely misses you.
You block the eldritch tentacle's attack.
The eldritch tentacle claws you!
* * * LOW HITPOINT WARNING * * *
Space bends around you.
* * * LOW HITPOINT WARNING * * *
You open the door.
You block the eldritch tentacle's attack. x2
Found a gateway leading deeper into the Abyss.
The eldritch tentacle slaps you.
* * * LOW HITPOINT WARNING * * *
You are engulfed in flames!!
You die...

######.#.#.# #
..........# #
###..#......### .
###...#.....#
........*...# . .
#######.*...#. ..
.......*.Z..#....
######w.Z.Z..(...
#@###.......
#..............
.....>......#...÷.
###............÷..
.................
..........$..... .
.............#.
.............#


You could see an eldritch tentacle and 3 raiju simulacra.

Vanquished Creatures
  A lich (Abyss:1)
  A tentacled starspawn (Abyss:1)
  Gastronok (Orc:1)
  Maud (D:12)
  A dire elephant (Lair:8)
  Snorg (Lair:3)
  A fire dragon (Lair:7)
  Fannar (D:10)
  10 hydras
  10 death yaks (Lair:5)
  An ice statue (IceCv)
  An oklob plant (Lair:7)
  Pikel (D:6)
  12 orc knights
  2 hill giants (D:12)
  A necromancer (IceCv)
  A wolf spider (Lair:3)
  A manticore (D:11)
  A griffon (Lair:4)
  An orc sorcerer (Orc:2)
  14 elephants
  4 black mambas (Lair:5)
  A worldbinder (Abyss:1)
  Maurice (Orc:1)
  3 centaur zombies
  A siren (Lair:3)
  A molten gargoyle (Volcano)
  2 torpor snails
  A smoke demon (Abyss:1)
  3 gargoyles
  6 fire drakes
  7 spiny frogs
  The ghost of emikaela the Cutter, an experienced OpWn of Nemelex Xobeh (D:6)
  7 komodo dragons
  An ancient zyme (Abyss:1)
  8 trolls
  10 freezing wraiths (IceCv)
  A queen bee (Lair:6)
  A merfolk (Lair:3)
  2 polar bears
  Grinder (D:3)
  3 raiju (Abyss:1)
  2 slime creatures (Lair:8)
  A spriggan (Lair:3)
  Sigmund (D:4)
  14 blink frogs
  2 fire bats (Volcano)
  25 yaks
  A deep elf fighter (D:8)
  A steam dragon (D:7)
  8 hippogriffs
  A death yak simulacrum (IceCv)
  33 wolves
  3 large abominations (Abyss:1)
  Menkaure (D:4)
  A chaos spawn (Abyss:1)
  2 insubstantial wisps (D:7)
  13 porcupines
  22 water moccasins
  17 ice beasts
  5 wargs
  4 sky beasts
  43 orc warriors
  3 black bears
  A necrophage (D:12)
  3 slaves (D:6)
  2 eyes of draining
  13 ogres
  A centaur (D:11)
  A brain worm (Orc:1)
  A big kobold (D:8)
  23 crocodiles
  19 giant frogs
  5 scorpions
  An elephant simulacrum (IceCv)
  31 killer bees
  11 wights
  3 lava snakes (Volcano)
  7 electric eels
  9 hounds
  3 crimson imps
  5 jellies
  A centaur skeleton (D:11)
  21 orc wizards
  17 orc priests
  10 worker ants
  2 giant frog skeletons
  11 iguanas
  Terence (D:3)
  7 troll simulacra (IceCv)
  A polar bear simulacrum (IceCv)
  21 sheep
  A wolf simulacrum (IceCv)
  3 centaur simulacra (IceCv)
  2 hound skeletons (D:9)
  2 worker ant zombies
  10 gnolls
  30 river rats
  2 ogre simulacra (IceCv)
  6 naga simulacra (IceCv)
  3 shadow imps
  12 white imps (IceCv)
  8 adders
  2 oozes
  2 adder skeletons
  5 worms
  194 orcs
  3 bat skeletons
  10 giant cockroaches
  23 goblins
  18 hobgoblins
  10 jackals
  4 quokkas
  10 bats
  A giant cockroach zombie (D:6)
  3 giant geckos
  2 giant gecko skeletons
  5 giant newts
  A jackal skeleton (D:6)
  20 kobolds
  A quokka zombie (D:7)
  9 rats
  A bush (Lair:5)
  5 fungi
  A lurking horror (Abyss:1)
  7 plants
  2 starspawn tentacles (Abyss:1)
981 creatures vanquished.

Vanquished Creatures (others)
  A centaur simulacrum (IceCv)
  An ogre simulacrum (IceCv)
  12 eldritch tentacle segments (Abyss:1)
  8 fungi
  3 plants
  A starspawn tentacle (Abyss:1)
  9 starspawn tentacle segments (Abyss:1)
35 creatures vanquished.

Grand Total: 1016 creatures vanquished

Notes
Turn   | Place    | Note
--------------------------------------------------------------
     0 | D:1      | pulse the Formicid Berserker began the quest for the Orb.
     0 | D:1      | Reached XP level 1. HP: 18/18 MP: 1/1
   322 | D:1      | Reached XP level 2. HP: 6/24 MP: 2/2
  1312 | D:2      | Reached XP level 3. HP: 15/29 MP: 3/3
  1432 | D:2      | Found a glowing golden altar of the Shining One.
  1768 | D:2      | Acquired Trog's second power
  2443 | D:3      | Reached skill level 4 in Axes
  2477 | D:3      | Reached XP level 4. HP: 32/36 MP: 4/4
  2853 | D:3      | Reached XP level 5. HP: 40/42 MP: 5/5
  2892 | D:3      | Noticed Grinder
  2906 | D:3      | Reached skill level 5 in Axes
  3154 | D:3      | Noticed Terence
  3165 | D:3      | Killed Terence
  3239 | D:3      | Found a shattered altar of Ashenzari.
  3485 | D:3      | Reached XP level 6. HP: 40/48 MP: 6/6
  3579 | D:3      | Killed Grinder
  3579 | D:3      | Reached skill level 6 in Axes
  3579 | D:3      | Reached XP level 7. HP: 17/55 MP: 7/7
  4059 | D:4      | Noticed Sigmund
  4065 | D:4      | Killed Sigmund
  4065 | D:4      | Reached skill level 5 in Armour
  4192 | D:4      | Noticed Menkaure
  4201 | D:4      | Killed Menkaure
  4201 | D:4      | Reached skill level 5 in Fighting
  4201 | D:4      | Reached XP level 8. HP: 49/62 MP: 8/8
  4342 | D:4      | Reached skill level 7 in Axes
  4678 | D:4      | Found a staircase to the Ecumenical Temple.
  5066 | D:5      | Entered Level 5 of the Dungeon
  5167 | D:5      | Found a glowing silver altar of Zin.
  5412 | D:5      | Reached skill level 8 in Axes
  5512 | D:5      | Found a burning altar of Makhleb.
  5514 | D:5      | Found a shadowy altar of Dithmenos.
  5599 | D:5      | Found a shattered altar of Ashenzari.
  5645 | D:5      | Reached XP level 9. HP: 69/69 MP: 9/9
  6018 | D:5      | Found Wenn's Armour Boutique.
  6149 | D:6      | Found a glowing silver altar of Zin.
  6151 | D:6      | Found Hickobon's Distillery.
  6156 | D:6      | Noticed Pikel
  6177 | D:6      | Killed Pikel
  6177 | D:6      | Reached skill level 9 in Axes
  6179 | D:6      | Bought a potion of heal wounds for 55 gold pieces
  6179 | D:6      | Bought a potion of flight for 33 gold pieces
  6179 | D:6      | Bought a potion of curing for 33 gold pieces
  6179 | D:6      | Bought a potion of curing for 33 gold pieces
  6179 | D:6      | Bought a potion of might for 44 gold pieces
  6401 | D:6      | Found a sacrificial altar of Ru.
  6438 | D:6      | Acquired Trog's third power
  6663 | D:6      | Noticed emikaela's ghost (experienced OpWn)
  6673 | D:6      | Killed emikaela's ghost
  7045 | D:6      | Reached skill level 10 in Axes
  7306 | D:7      | Found a deep blue altar of Sif Muna.
  7512 | D:7      | Reached XP level 10. HP: 77/79 MP: 10/10
  7724 | D:7      | Reached skill level 11 in Axes
  8272 | D:5      | Bought a +0 buckler for 54 gold pieces
  8692 | D:8      | Found a staircase to the Lair.
  8747 | D:8      | Reached skill level 12 in Axes
  8749 | D:8      | Reached skill level 1 in Shields
  8749 | D:8      | Reached XP level 11. HP: 20/86 MP: 2/11
  9230 | D:8      | Found an ancient bone altar of Kikubaaqudgha.
  9930 | D:9      | Found a bloodstained altar of Trog.
 10119 | D:9      | Received a gift from Trog
 10618 | D:10     | Entered Level 10 of the Dungeon
 10684 | D:10     | Noticed Fannar
 10735 | D:10     | Killed Fannar
 11055 | D:10     | Reached skill level 13 in Axes
 11679 | D:10     | Gained mutation: You have sharp toenails. [potion of mutation]
 11679 | D:10     | Gained mutation: You are partially covered in yellow scales (AC +2). [potion of mutation]
 11679 | D:10     | Gained mutation: You are mostly covered in yellow scales (AC +3). [potion of mutation]
 11918 | D:11     | Noticed a manticore
 11931 | D:11     | Killed a manticore
 12315 | D:11     | Reached XP level 12. HP: 90/95 MP: 10/12
 12582 | D:11     | Found a staircase to the Orcish Mines.
 12852 | D:12     | Noticed a seven-headed hydra
 13105 | D:12     | Reached skill level 14 in Axes
 13513 | D:12     | Reached skill level 10 in Armour
 13533 | D:12     | Noticed Maud
 13801 | D:12     | Killed Maud
 14018 | Orc:1    | Entered Level 1 of the Orcish Mines
 14332 | Orc:1    | Received a gift from Trog
 14333 | Orc:1    | Reached skill level 5 in Shields
 14434 | Orc:1    | Noticed Gastronok
 14460 | Orc:1    | Killed Gastronok
 14673 | Orc:2    | Found a dark tunnel.
 14699 | Volcano  | Entered a volcano
 14843 | Volcano  | Reached skill level 10 in Fighting
 15014 | Volcano  | Found a radiant altar of Vehumet.
 15034 | Volcano  | Reached skill level 15 in Axes
 15034 | Volcano  | Reached XP level 13. HP: 76/103 MP: 9/13
 15467 | Orc:2    | Received a gift from Trog
 16066 | Orc:4    | Entered Level 4 of the Orcish Mines
 16138 | Orc:4    | Found a staircase to the Elven Halls.
 16201 | Orc:4    | Found a frozen archway.
 16255 | IceCv    | Entered an ice cave
 16479 | IceCv    | Identified a scroll of acquirement
 17507 | IceCv    | Found an ancient bone altar of Kikubaaqudgha.
 17889 | IceCv    | Got a crude battleaxe
 17895 | IceCv    | Identified the +5 battleaxe of the Median {elec, +Blink rF- Str+3 Stlth+} (You found it in an ice cave)
 18324 | Orc:4    | Received a gift from Trog
 18606 | Orc:4    | Reached skill level 16 in Axes
 18646 | Orc:4    | Found Piokka's Magic Scroll Shoppe.
 18646 | Orc:4    | Found Maom's Distillery.
 18652 | Orc:4    | Bought a potion of invisibility for 96 gold pieces
 18652 | Orc:4    | Bought a potion of flight for 36 gold pieces
 18652 | Orc:4    | Bought a potion of curing for 36 gold pieces
 18652 | Orc:4    | Bought 2 potions of agility for 96 gold pieces
 18744 | Orc:4    | Received a gift from Trog
 18770 | Orc:4    | Reached XP level 14. HP: 107/111 MP: 14/14
 18790 | Orc:4    | Found a roughly hewn altar of Beogh.
 18893 | Orc:4    | Found Sotwonad's Antique Weapon Shoppe.
 18893 | Orc:4    | Found Butso's General Store.
 18913 | Orc:4    | Bought a potion of might for 52 gold pieces
 19794 | Orc:4    | Bought a +0 pair of boots for 58 gold pieces
 19852 | Orc:4    | Received a gift from Trog
 19972 | Orc:3    | Found a roughly hewn altar of Beogh.
 20041 | Orc:3    | Found a roughly hewn altar of Beogh.
 20523 | Orc:1    | Noticed Maurice
 20533 | Orc:1    | Killed Maurice
 20837 | Lair:1   | Entered Level 1 of the Lair of Beasts
 21729 | Lair:2   | Reached skill level 17 in Axes
 22660 | Lair:3   | Found a hole to the Spider Nest.
 22695 | Lair:3   | Received a gift from Trog
 22802 | Lair:3   | Noticed Snorg
 22814 | Lair:3   | Killed Snorg
 23234 | Lair:3   | Found a staircase to the Shoals.
 25061 | Lair:5   | Received a gift from Trog
 25061 | Lair:5   | Reached skill level 10 in Shields
 25066 | Lair:5   | Reached XP level 15. HP: 107/119 MP: 13/15
 25326 | Lair:5   | Reached skill level 18 in Axes
 26071 | Lair:6   | Received a gift from Trog
 27535 | Lair:7   | Received a gift from Trog
 27992 | Lair:8   | Entered Level 8 of the Lair of Beasts
 27998 | Lair:8   | Reached skill level 19 in Axes
 28090 | Lair:8   | Found a staircase to the Slime Pits.
 28111 | Lair:8   | Reached XP level 16. HP: 102/127 MP: 14/16
 28310 | Lair:8   | Got a crude leather armour
 28311 | Lair:8   | Identified the +3 leather armour of the Three Planets {rC++ rCorr Int-4 Stlth-} (You found it on level 8 of the Lair of Beasts)
 28339 | Lair:8   | Received a gift from Trog
 28434 | Lair:8   | Cast into the Abyss (a wizard)
 28675 | Abyss:1  | Noticed a tentacled starspawn
 28676 | Abyss:1  | Noticed a lich
 28685 | Abyss:1  | Noticed an eldritch tentacle
 28687 | Abyss:1  | Killed a tentacled starspawn
 28689 | Abyss:1  | Killed a lich
 28693 | Abyss:1  | Slain by an eldritch tentacle

Vault maps used:
D:1:      elethiomel_arrival_quiet, minmay_misc_feat_rows, minmay_fountain_box,
          st_stairs_13, minmay_bisected
D:2:      tso_oasis_becter
D:3:      first_bread, ashenzari_altar_1, uniq_terence, uniq_grinder
D:4:      temple_hall, uniq_menkaure, uniq_sigmund
D:5:      kennysheep_little_box, nicolae_overflow_hidden_temple, serial_shops,
          shop
D:6:      lemuel_crystal_altar, serial_shops, nicolae_shop_crystal, basic_altar,
          minmay_joined_circles, uniq_pikel
D:7:      basic_altar, hangedman_misty_isle
D:8:      overflow_temple_1_default, erik_lair_island, grunt_pizzeria,
          grunt_ministairs_5
D:9:      trog_ov_bears_minmay
D:10:     uniq_fannar
D:11:     orc_0_dummy
D:12:     corexii_hall_statues_deadend, nicolae_ru_path_of_blood, uniq_maud
Lair:1:   infiniplex_staircase_pool_2
Lair:2:   guppyfry_lair_drakes, lemuel_fruit_fields, grunt_megastairs_2
Lair:3:   elwin_shoals_entry_rooms, spider_nest_entry_rubble,
          grunt_forest_large_clearing_hut, uniq_snorg
Lair:4:   st_stairs_7, nicolae_quartered_pool_medium, grunt_megastairs_3
Lair:5:   grunt_forest_stairs_basic, grunt_megastairs_4, lemuel_fruit_tree
Lair:6:   boulder_dual_corridor_run, special_room
Lair:7:   bobbens_dragon_lair_wall
Lair:8:   evil_forest, minmay_slime_entry_pillars, serial_bayou_shore_b
Orc:1:    uniq_gastronok, uniq_maurice, uniq_urug
Orc:2:    nicolae_volcano_entry_two_sided
Orc:3:    nicolae_orc_pool_cavern, hangedman_feature_mirror
Orc:4:    st_orc_town, portal_ice_cave_entry_ice_beasts
IceCv:    ice_cave_small_necro
Volcano:  volcano_lake

Action                   |  1- 3 |  4- 6 |  7- 9 | 10-12 | 13-15 | 16-18 || total
-------------------------+-------+-------+-------+-------+-------+-------++-------
Melee: Hand axe          |   103 |   146 |   299 |   796 |   341 |       ||  1685
       Great mace        |       |       |       |    30 |       |       ||    30
       Battleaxe         |       |       |       |       |   978 |   117 ||  1095
       War axe           |       |       |       |       |    11 |       ||    11
Invok: Trog's Hand       |       |     3 |       |     1 |       |       ||     4
       Burn Spellbooks   |       |       |       |       |     3 |       ||     3
Evoke: Wand              |       |       |     2 |     6 |     7 |     1 ||    16
  Use: Potion            |     2 |     4 |     3 |    13 |     7 |       ||    29
       Scroll            |     2 |       |     8 |     5 |    14 |     1 ||    30
 Stab: Invisible         |       |       |       |       |    13 |       ||    13
  Eat: Chunk             |     5 |     3 |    12 |    15 |    26 |     1 ||    62
       Beef jerky        |       |       |     1 |     3 |       |     1 ||     5
       Fruit             |       |       |       |     6 |     4 |       ||    10
       Pizza             |       |       |       |       |     3 |       ||     3
       Meat ration       |       |       |       |       |     1 |       ||     1
       Royal jelly       |       |       |       |       |     2 |       ||     2
